 Dungeon Crawl Stone Soup version 0.30-a0-553-g7fabdf1491 (webtiles) character file.

Game seed: 11001184046733583672

81 arthad the Digger (level 4, -3/24 HPs)
             Began as a Gargoyle Earth Elementalist on Dec 26, 2022.
             Slain by Terence
             ... wielding a +0 flail
              (5 damage)
             ... on level 2 of the Dungeon.
             The game lasted 00:02:19 (1483 turns).

arthad the Digger (Gargoyle Earth Elementalist)     Turns: 1483, Time: 00:02:20

Health: -3/24      AC:  5    Str: 11    XL:     4   Next: 40%
Magic:  0/7        EV: 16    Int: 18    God:
Gold:   90         SH:  0    Dex: 10    Spells: 3/7 levels left

rFire   . . .      SeeInvis .    (no weapon)
rCold   . . .      Faith    .    (no shield)
rNeg    + . .      Spirit   .    a - +0 robe
rPois   ∞          Reflect  .    (no helmet)
rElec   +          Harm     .    (no cloak)
rCorr   .          Rampage  .    (no gloves)
Will    .....                    (no boots)
Stlth   ++                       (no amulet)
HPRegen 0.24/turn                g - +4 ring of evasion
MPRegen 0.10/turn                (no ring)

@: no status effects
A: sickness immunity, AC +3, negative energy resistance 1, electricity
resistance, torment resistance 1, petrification resistance
a: no special abilities


You were on level 2 of the Dungeon.
You visited 1 branch of the dungeon, and saw 2 of its levels.

You collected 90 gold pieces.

Inventory:

Missiles
 d - 2 boomerangs
Armour
 a - a +0 robe (worn)
Jewellery
 g - a +4 ring of evasion (left hand)
Scrolls
 c - a scroll of vulnerability {unknown}
 e - 2 scrolls of fog {unknown}
 k - a scroll of amnesia {unknown}
 l - 2 scrolls of identify {unknown}
Potions
 b - a potion of magic
 f - 2 potions of attraction {unknown}
 h - a potion of berserk rage {unknown}
 i - 2 potions of curing {unknown}
 j - a potion of brilliance {unknown}


   Skills:
 + Level 0.8 Fighting
 + Level 1.2 Armour
 + Level 1.8 Dodging
 * Level 3.1 Stealth
 * Level 2.4 Spellcasting
 * Level 0.1 Conjurations
 + Level 1.2 Transmutations
 * Level 4.2 Earth Magic


You had 3 spell levels left.
You knew the following spells:

 Your Spells              Type           Power      Damage    Failure   Level
a - Sandblast             Erth           34%        2d9       3%          1
b - Stone Arrow           Conj/Erth      20%        3d8       21%         3

Your spell library contained the following spells:

 Spells                   Type           Power      Damage    Failure   Level
 Passwall                 Tmut/Erth      10%        N/A       9%          2
 Petrify                  Tmut/Erth      12%        N/A       50%         4


Dungeon Overview and Level Annotations

Branches:
Dungeon (2/15)

Altars:

Annotations:
D:2 Terence


Innate Abilities, Weirdness & Mutations

You are immune to sickness and miasma.
Your stone body is resilient. (AC +3)
You are immune to poison.
You resist negative energy. (rN+)
You are resistant to electric shocks. (rElec)
You are resistant to unholy torment.
You are immune to petrification.


Message History

An endoplasm is nearby!
The endoplasm quivers.
The blast of sand hits the endoplasm!
You kill the endoplasm!
You can't see any susceptible monsters within range! (Use Z to cast anyway.) Terence the Incautious comes into view.
He is wielding a +0 flail and wearing a +2 scale mail of fire resistance.
Found 4 gold pieces.
Terence shouts!
The blast of sand hits Terence but does no damage.
The blast of sand hits Terence but does no damage.
The blast of sand hits Terence.
Terence is moderately wounded.
Terence closely misses you. Terence misses you.
The blast of sand hits Terence.
Terence is heavily wounded.
Terence closely misses you.
The blast of sand hits Terence.
Terence is heavily wounded.
Terence hits you with a +0 flail! Terence barely misses you.
The blast of sand hits Terence.
Terence is severely wounded.
Terence completely misses you.
The blast of sand hits Terence.
Terence is almost dead.
Terence hits you with a +0 flail. x2
You are too injured to fight recklessly!
You are too injured to fight recklessly!
You are too injured to fight recklessly!
You are too injured to fight recklessly!
Aiming: Sandblast (safe; 3% risk of failure)
Press: ? - help, Q - select action, (/) - cycle Shift-Dir - straight line, f/p - Terence
Aim: Terence, wielding a +0 flail and wearing a +2 scale mail of fire resistance (almost dead, 84% to hit)
The blast of sand hits Terence but does no damage.
Terence is almost dead.
Terence hits you with a +0 flail!
* * * LOW HITPOINT WARNING * * *
Unknown command.
Terence attacks as you move away! Terence completely misses you.
Terence attacks as you move away! Terence hits you with a +0 flail.
You die...

##################
#................#
#.##############.# #.#
#.# #.# #.#
#.##############.#
#..............#.#
#................#
#@############.### #@#
#######.###
#$...................
................[.......
..............##########
...##########.# .. # #


You could see Terence.

Vanquished Creatures
  A gnoll (D:1)
  2 adders (D:2)
  A worm (D:2)
  3 dart slugs (D:1)
  5 bats
  3 endoplasms
  4 giant cockroaches
  5 goblins
  4 hobgoblins
  2 jackals (D:2)
  4 ball pythons (D:1)
  3 frilled lizards (D:1)
  2 kobolds (D:1)
  5 rats (D:1)
44 creatures vanquished.

Notes
Turn   | Place    | Note
-------+----------+-------------------------------------------
     0 | D:1      | arthad the Gargoyle Earth Elementalist began the quest for
                  | the Orb.
     0 | D:1      | Reached XP level 1. HP: 10/10 MP: 3/3
     6 | D:1      | Noticed a black bear
     7 | D:1      | Noticed a swamp drake
     7 | D:1      | Noticed an iguana
   171 | D:1      | Reached XP level 2. HP: 13/15 MP: 1/5
   227 | D:1      | Reached skill level 1 in Transmutations
   543 | D:1      | Reached XP level 3. HP: 20/20 MP: 3/6
   617 | D:1      | Reached skill level 4 in Earth Magic
  1157 | D:2      | Reached skill level 1 in Armour
  1157 | D:2      | Reached XP level 4. HP: 23/24 MP: 4/7
  1202 | D:2      | Learned a level 3 spell: Stone Arrow
  1473 | D:2      | Noticed Terence
  1483 | D:2      | Slain by Terence

Illustrated notes

Levels and vault maps discovered:
D:1:      onia_arrival_zoo_common, layout_loops_ring,
          chequers_serial_rivers_micro_d, fountainhead, minmay_distorted
D:2:      layout_basic, uniq_jessica, uniq_terence

Skill      XL: |  1  2  3 |
---------------+----------+-----
Transmutations | 1 |  1.2
Earth Magic    | 4 |  4.2
Stealth        | 3 |  3.1
Armour         | 1 |  1.2
Fighting       | |  0.8
Dodging        | |  1.8
Spellcasting   | |  2.4
Conjurations   | |  0.1

Action                   |  1- 3 |  4- 6 || total
-------------------------+-------+-------++-------
Melee: Unarmed           |     5 |       ||     5
 Cast: Sandblast         |    44 |    26 ||    70
Armor: Robe              |     5 |     2 ||     7
Dodge: Dodged            |    13 |    10 ||    23

Table legend: (Time is in decaauts)
 A = Elapsed time spent in this place.
 B = Non-inter-level travel time spent in this place.
 C = Inter-level travel time spent in this place.
 D = Time resting spent in this place.
 E = Time spent auto-exploring this place.
 F = Levels seen in this place.
 G = Mean time per level.
                   A        B        C        D        E       F      G
               +--------+--------+--------+--------+--------+-----+--------+
         Total |   1518 |   1510 |      8 |      0 |   1294 |   2 |  759.0 |
       Dungeon |   1518 |   1510 |      8 |      0 |   1294 |   2 |  759.0 |
               +--------+--------+--------+--------+--------+-----+--------+

Top non-repeatable levels by time:
     D:1: 1102 daAuts
     D:2: 416 daAuts
